 Dungeon Crawl Stone Soup version 0.31-a0-978-g1e143483b6 (webtiles) character file.

Game seed: 15414328704410117659

424 serber55 the Changeling (level 6, -1/47 HPs)
             Began as a Demonspawn Shapeshifter on Oct 30, 2023.
             Was a Believer of Uskayaw.
             Slain by a water moccasin (5 damage)
             ... on level 4 of the Dungeon.
             The game lasted 00:13:01 (3894 turns).

serber55 the Changeling (Demonspawn Shapeshifter)   Turns: 3894, Time: 00:13:01

Health: -1/47      AC:  3    Str: 21    XL:     6   Next: 64%
Magic:  6/6        EV: 15    Int: 11    God:    Uskayaw [**....]
Gold:   163        SH:  0    Dex: 14    Spells: 5/5 levels left

rFire   . .          .
                       - Unarmed
rCold   . . .        (no shield)
rNeg    . . .        a - +1 animal skin
rPois   .            (helmet currently unavailable)
rElec   .            (cloak currently unavailable)
rCorr   .            (gloves currently unavailable)
SInv    +            (boots currently unavailable)
Will    +....        (no amulet)
Stlth   +            j - ring of see invisible
HPRegen 0.27/turn    p - +6 ring of strength
MPRegen 0.10/turn

%: no passive effects
@: beast-form, enlightened, flying, invisible
A: beast (slay +2), hooves 2, repulsion field 1, powered by death 1, fangs 1, no
potion heal 1
a: Begin Untransformation, Renounce Religion, Stomp, Line Pass


You were on level 4 of the Dungeon.
You worshipped Uskayaw.
Uskayaw was noncommittal.
You were a hulking beast.
You visited 1 branch of the dungeon, and saw 4 of its levels.
You also visited: Sewer.

You collected 185 gold pieces.
You spent 22 gold pieces at shops.

Inventory:

Hand Weapons
 g - a +0 whip
Missiles
 b - 3 poisoned darts (quivered)
Armour
 a - a +1 animal skin (worn)
 e - the +1 cloak of Starshine {Int+8}
   (You found it on level 4 of the Dungeon)

   Int+8:     It affects your intelligence (+8).
 q - a +1 helmet
Jewellery
 j - a ring of see invisible (left hand)
 p - a +6 ring of strength (right hand)
Talismans
 c - a beast talisman
 d - a flux talisman
Scrolls
 h - a scroll of noise {unknown}
Potions
 f - a potion of enlightenment
 i - a potion of haste
 k - 3 potions of attraction
 l - a potion of heal wounds {unknown}
 m - 2 potions of curing
 n - a potion of invisibility
 o - a potion of brilliance {unknown}
 r - a potion of magic {unknown}


   Skills:
 + Level 3.1 Fighting
 + Level 3.2 Dodging
 + Level 3.8 Unarmed Combat
 * Level 4.5 Shapeshifting


You had 5 spell levels left.
You didn't know any spells.
Your spell library contained the following spells:

 Spells                   Type           Power      Damage    Failure   Level
 Sandblast                Erth           0%         2d4       34%         1
 Blink                    Tloc           0%         N/A       47%         2
 Passwall                 Tmut/Erth      0%         N/A       47%         2
 Stone Arrow              Conj/Erth      0%         3d7       71%         3
 Brom's Barrelling Bould  Conj/Erth      0%         2d3       98%         4
 Manifold Assault         Tloc           0%         N/A       98%         4


Dungeon Overview and Level Annotations

Branches:
Dungeon (4/15)              Sewer (visited)
 Temple: D:4-7

Altars:
Gozag
Qazlal
Uskayaw
Yredelemnul

Shops:
D:1 *


Innate Abilities, Weirdness & Mutations

You are a hulking beast.
Your limbs bulge with bestial killing power. (Slay +2)
You have hoof-like feet.
You are surrounded by a mild repulsion field. (EV +2)
You regenerate a little health from kills.
You have very sharp teeth.
Potions are less effective at restoring your health.


Message History

Your bite misses the water moccasin.
The water moccasin is severely wounded.
You feel sick. The water moccasin misses you.
You barely miss the water moccasin. Your kick misses the water moccasin.
The water moccasin is severely wounded.
You feel sick. The water moccasin bites you!
The water moccasin bites you but does no damage.
You are too injured to fight recklessly!
You miss the water moccasin. Your kick misses the water moccasin.
The water moccasin is severely wounded.
You feel sick.
The water moccasin completely misses you.
You closely miss the water moccasin. Your kick misses the water moccasin.
The water moccasin is severely wounded.
You feel sick. The water moccasin closely misses you.
You miss the water moccasin.
The water moccasin is severely wounded.
You feel sick. The water moccasin closely misses you.
You barely miss the water moccasin. You kick the water moccasin.
Your bite misses the water moccasin.
The water moccasin is severely wounded.
You feel sick. The water moccasin bites you.
* * * LOW HITPOINT WARNING * * *
The water moccasin barely misses you.
You hit the water moccasin but do no damage.
The water moccasin is severely wounded.
You feel sick. The water moccasin bites you.
* * * LOW HITPOINT WARNING * * *
You are lethally poisoned!
The water moccasin poisons you!
It was a potion of curing.
Your system partially rejects the healing.
You feel better. The water moccasin closely misses you.
The water moccasin bites you.
* * * LOW HITPOINT WARNING * * *
Okay, then.
It was a potion of invisibility.
You fade into invisibility!
The water moccasin bites you.
You die...

#...# ##+## #.#
#.#.# *.# #.#
#...#
*.###*******#.#
#####.#####
*#...,,,,,,,,..#
#.........#
**...##*******###
#.###.###.#
*,....# *,*
#.###.######*...#*
*,*
#..........##S..#
*,*
#####.####..h...#
*,* #.# ########
*,******#.#
*,,,,,,,..#
********###


You could see a water moccasin (unable to see you).

Vanquished Creatures
  Edmund (D:4)
  An ogre (D:4)
  2 iguanas (D:4)
  A hell rat (Sewer)
  2 river rats (Sewer)
  6 adders
  A worm (D:3)
  4 dart slugs
  2 orcs
  4 bats
  12 endoplasms
  A giant cockroach (D:2)
  6 hobgoblins
  4 jackals (D:1)
  6 kobolds
  3 quokkas
  7 ball pythons
  3 frilled lizards
  4 goblins
  8 rats
78 creatures vanquished.

Notes
Turn   | Place    | Note
-------+----------+-------------------------------------------
     0 | D:1      | serber55 the Demonspawn Shapeshifter began the quest for
                  | the Orb.
     0 | D:1      | Reached XP level 1. HP: 15/15 MP: 1/1
   148 | D:1      | Found a faded altar of an unknown god.
   148 | D:1      | Noticed a crimson imp
   159 | D:1      | Prayed at the altar of an unknown god.
   159 | D:1      | Became a worshipper of Uskayaw the Reveller
   159 | D:1      | Reached * piety under Uskayaw
   213 | D:1      | Reached ** piety under Uskayaw
   224 | D:1      | Reached *** piety under Uskayaw
   225 | D:1      | Gained mutation: You have large cloven feet. [demonic
                  | ancestry]
   225 | D:1      | Reached XP level 2. HP: 14/21 MP: 2/2
   229 | D:1      | Reached **** piety under Uskayaw
   231 | D:1      | Reached ***** piety under Uskayaw
   313 | D:1      | Reached skill level 3 in Shapeshifting
   443 | D:1      | Found Qyadghol's General Store.
   971 | D:2      | Reached XP level 3. HP: 20/26 MP: 3/3
  1362 | D:1      | Bought a scroll of identify for 22 gold pieces
  1365 | D:1      | Gained mutation: Potions are less effective at restoring
                  | your health. [potion of mutation]
  1365 | D:1      | Gained mutation: You have very sharp teeth. [potion of
                  | mutation]
  1448 | D:2      | Found a basalt altar of Yredelemnul.
  1880 | D:3      | Gained mutation: You are surrounded by a mild repulsion
                  | field. (EV +2) [demonic ancestry]
  1880 | D:3      | Reached XP level 4. HP: 33/33 MP: 4/4
  1883 | D:3      | You fall into a shaft and drop 1 floor!
  2000 | D:3      | Found a glowing drain.
  2016 | Sewer    | Entered a sewer
  2230 | D:3      | Gained mutation: You regenerate a little health from kills.
                  | [demonic ancestry]
  2230 | D:3      | Reached XP level 5. HP: 35/38 MP: 5/5
  2394 | D:3      | Found a stormy altar of Qazlal.
  2867 | D:4      | Noticed Edmund
  2884 | D:4      | Killed Edmund
  2885 | D:4      | Reached skill level 4 in Shapeshifting
  2885 | D:4      | Gained mutation: You have hoof-like feet. [demonic
                  | ancestry]
  2885 | D:4      | Reached XP level 6. HP: 42/46 MP: 6/6
  3073 | D:4      | Identified the +1 cloak of Starshine {Int+8}
  3368 | D:4      | Found an opulent altar of Gozag.
  3878 | D:4      | Noticed a water moccasin
  3894 | D:4      | Slain by a water moccasin

Illustrated notes

Levels and vault maps discovered:
D:1:      eino_arrival_water_star, layout_basic, serial_shops,
          nicolae_shop_gibbet_a_chance, dreamdust_ecumenical_altar_sealed_demon
D:2:      layout_loops_ring, basic_altar, kennysheep_pointless_box,
          dk_vineyard_2
D:3:      layout_basic, mainiacjoe_overflow_tiny_flanked,
          general_overflow_altar, cheibrodos_sewer_entry_bend, st_stairs_8
D:4:      layout_loops_corners, grunt_gozag_breadcrumbs, uniq_edmund

Skill      XL: |  1  2  3  4  5  6 |
---------------+-------------------+-----
Dodging        | 2 3 |  3.2
Shapeshifting  | 3 4 |  4.5
Unarmed Combat | 3 |  3.8
Fighting       | 2 3 |  3.1

Action                     |  1- 3 |  4- 6 || total
---------------------------+-------+-------++-------
  Melee: Unarmed           |   100 |   116 ||   216
         Punch             |     1 |     1 ||     2
         Kick              |    16 |    29 ||    45
         Bite              |       |     6 ||     6
 Invoke: Stomp             |     1 |       ||     1
    Use: Scroll            |     6 |     4 ||    10
         Potion            |     2 |     4 ||     6
   Stab: Paralysed         |     1 |       ||     1
         Sleeping          |       |     2 ||     2
 Armour: Animal skin       |    36 |    42 ||    78
         Skin              |     3 |     8 ||    11
  Dodge: Dodged            |    70 |    53 ||   123

Table legend: (Time is in decaauts)
 A = Elapsed time spent in this place.
 B = Non-inter-level travel time spent in this place.
 C = Inter-level travel time spent in this place.
 D = Time resting spent in this place.
 E = Time spent auto-exploring this place.
 F = Levels seen in this place.
 G = Mean time per level.
                   A        B        C        D        E       F      G
               +--------+--------+--------+--------+--------+-----+--------+
         Total |   3899 |   3680 |    219 |    282 |   2772 |   5 |  779.8 |
       Dungeon |   3692 |   3473 |    219 |    180 |   2740 |   4 |  923.0 |
         Sewer |    206 |    206 |      0 |    102 |     31 |   1 |  206.0 |
               +--------+--------+--------+--------+--------+-----+--------+

Top non-repeatable levels by time:
     D:4: 1068 daAuts
     D:2: 929 daAuts
     D:1: 890 daAuts
     D:3: 803 daAuts
   Sewer: 206 daAuts
